 Dungeon Crawl Stone Soup version 0.20-a0-739-g6bb112f (webtiles) character file.

16433 Laphicet the Covert (level 12, -2/82 HPs)
             Began as an Octopode Transmuter on Feb 24, 2017.
             Was an Initiate of Gozag.
             Slain by a komodo dragon (13 damage)
             ... on level 11 of the Dungeon.
             The game lasted 00:52:05 (20351 turns).

Laphicet the Covert (Octopode Transmuter)          Turns: 20351, Time: 00:52:05

Health: -2/82      AC:  6    Str: 12    XL:     12   Next: 37%
Magic:  22/22      EV: 20    Int: 15    God:    Gozag
Gold:   495        SH:  0    Dex: 15    Spells: 13/25 levels left

rFire    . . .     SeeInvis +   d - +1 rapier (elec)
rCold    . . .     Gourm    .   (no shield)
rNeg     + . .     Faith    .   B - +0 hat
rPois    +         Spirit   .   (no amulet)
rElec    .         Reflect  .   l - ring of stealth
rCorr    .         Harm     .   k - ring of see invisible
MR       .....                  x - +2 ring of protection
Stlth    +++++++...             A - +1 ring of protection
Regen    0.3/turn               j - ring of positive energy
MPRegen  0.2/turn               (no ring)
                                (no ring)
                                (no ring)

@: marked
A: almost no armour, stealthy swim, amphibious, 8 rings, constrict 8, repulsion
field 1, molten scales 1, camouflage 1, poison resistance, gelatinous body 1
a: Potion Petition, Call Merchant, Bribe Branch, Renounce Religion


You were on level 11 of the Dungeon.
You worshipped Gozag.
Gozag was aware of your devotion.
You were not hungry.

You visited 3 branches of the dungeon, and saw 16 of its levels.
You also visited: Ossuary.

You collected 2622 gold pieces.
You spent 1472 gold pieces at shops.
You paid 655 gold pieces to Gozag.

Inventory:

Hand Weapons
 d - a +1 rapier of electrocution (weapon)
 h - a +1 dagger of venom
Missiles
 a - 227 arrows
Armour
 B - a +0 hat (worn)
Magical Staves
 t - an uncursed staff of poison
 u - an uncursed staff of fire
Jewellery
 j - a ring of positive energy (on tentacle)
 k - a ring of see invisible (right tentacle)
 l - a ring of stealth (left tentacle)
 x - a +2 ring of protection (on tentacle)
 A - a +1 ring of protection (on tentacle)
Wands
 f - a wand of enslavement (2/24)
 m - a wand of disintegration (17/24)
 n - a wand of enslavement (4/24)
 v - a wand of enslavement (9/24)
 w - a wand of polymorph (6/24)
 H - a wand of confusion (12/48)
 J - a wand of lightning (5/15)
Scrolls
 r - 9 scrolls of remove curse
 y - 2 scrolls of magic mapping
 z - a scroll of enchant armour
 C - a scroll of fear
 E - a scroll of immolation
 G - a scroll of teleportation
 I - a scroll of amnesia
 K - 2 scrolls of enchant weapon
Potions
 e - a potion of cancellation
 o - a potion of might
 p - 2 potions of lignification
 q - a potion of curing
 F - 2 potions of agility
 L - a potion of brilliance
Books
 b - a book of Changes

   Spells                             Type                      Level
   a - Beastly Appendage              Transmutation                1
   b - Sticks to Snakes               Transmutation                2
   c - Spider Form                    Transmutation/Poison         3
   d - Ice Form                       Ice/Transmutation            4
   e - Blade Hands                    Transmutation                5
 g - a book of Conjurations

   Spells                             Type                      Level
   a - Magic Dart                     Conjuration                  1
   b - Searing Ray                    Conjuration                  2
   c - Dazzling Spray                 Conjuration/Hexes            3
   d - Fulminant Prism                Conjuration/Hexes            4
   e - Force Lance                    Conjuration/Translocation    4
   f - Iskenderun's Mystic Blast      Conjuration                  4
 s - a book of Misfortune

   Spells                             Type                      Level
   a - Confusing Touch                Hexes                        1
   b - Confuse                        Hexes                        3
   c - Gell's Gravitas                Translocation                3
   d - Petrify                        Transmutation/Earth          4
   e - Metabolic Englaciation         Hexes/Ice                    5
   f - Yara's Violent Unravelling     Hexes/Transmutation          5
Miscellaneous
 i - a lightning rod (1/4)
Comestibles
 c - 11 bread rations


   Skills:
 + Level 7.8 Fighting
 + Level 7.2 Short Blades
 + Level 8.0 Dodging
 + Level 10.8 Stealth
 + Level 8.1 Unarmed Combat
 + Level 7.0 Spellcasting
 + Level 8.1 Transmutations


You had 13 spell levels left.
You knew the following spells:

 Your Spells              Type           Power        Failure   Level  Hunger
a - Beastly Appendage     Tmut           ####..       1%          1    None
b - Blade Hands           Tmut           ####......   17%         5    #####..
d - Magic Dart            Conj           #...         14%         1    None
s - Sticks to Snakes      Tmut           ####....     1%          2    None
S - Spider Form           Tmut/Pois      ###.......   10%         3    ##.....


Dungeon Overview and Level Annotations

Branches:
Dungeon (13/15)            Temple (1/1) D:7            Lair (0/6) D:8
    Orc (2/2) D:9             Elf (0/3) Orc:2
 Vaults: D:13-14

Altars:
Ashenzari
Cheibriados
Dithmenos
Elyvilon
Fedhas
Gozag
Hepliaklqana
Kikubaaqudgha
Makhleb
Nemelex Xobeh
Okawaru
Qazlal
Ru
Sif Muna
Trog
Uskayaw
Vehumet
Wu Jian
Xom
Yredelemnul
Zin
The Shining One

Shops:
D:4 (   D:6 ?   D:8 *%[[[   D:13 }   Orc:1 !   Orc:2 %


Innate Abilities, Weirdness & Mutations

You cannot wear most types of armour.
You are very stealthy in the water. (Stealth+)
You are amphibious.
You can wear up to eight rings at the same time.
You can use your tentacles to constrict eight enemies at once.
Your skin changes colour to match your surroundings (Stealth+).
Your rubbery body absorbs attacks. (AC +1, EV +1)
You are surrounded by a mild repulsion field. (EV +2)
You are partially covered in molten scales. (AC +2)
Your system is resistant to poisons. (rPois)


Message History

You are too injured to fight recklessly!
You hit the komodo dragon.
Lightning courses through the komodo dragon!
The komodo dragon is almost dead.
The komodo dragon misses you.
You hit the komodo dragon but do no damage.
The komodo dragon is almost dead.
The komodo dragon completely misses you.
You hit the komodo dragon but do no damage.
You squeeze the komodo dragon.
The komodo dragon is almost dead.
You hit the komodo dragon but do no damage.
The komodo dragon is almost dead.
The komodo dragon bites you!!
* * * LOW HITPOINT WARNING * * *
You barely miss the komodo dragon.
The komodo dragon is almost dead.
The komodo dragon bites you!
You die...
Your body crumbles into a pile of gold.

#########################
#.).....l@.$............#
#.#####################.#
#.# #.# #.# #.# #.# #.# #
#.# #<# # #.####### ###
#.# # #........ ..# #.#
########.....######.#
#.##


You could see a komodo dragon.

Vanquished Creatures
  A hydra (D:11)
  2 two-headed ogres (D:10)
  An unseen horror (D:12)
  Pikel (D:7)
  An orc knight (Orc:1)
  2 ugly things
  Psyche (D:11)
  Joseph (D:7)
  A kobold demonologist (D:11)
  A merfolk (Orc:1)
  2 trolls
  3 hippogriffs
  3 yaks (D:10)
  A spriggan (D:8)
  2 wraiths (D:13)
  A steam dragon (D:10)
  2 vampire mosquitoes (D:13)
  2 hungry ghosts
  A warg (Orc:1)
  A soldier ant (D:12)
  2 ice beasts
  2 black bears
  3 slaves (D:7)
  13 orc warriors
  5 sky beasts
  An eye of draining (D:9)
  2 necrophages
  2 phantoms
  9 ogres
  8 centaurs
  2 big kobolds
  6 bullfrogs
  5 scorpions
  14 killer bees
  9 wights
  7 howler monkeys
  6 crimson imps
  5 bullfrog zombies
  5 centaur zombies
  4 jellies
  13 orc priests
  2 hounds
  A bullfrog skeleton (D:11)
  A centaur skeleton (D:6)
  5 iguanas
  16 orc wizards
  10 worker ants
  7 big kobold zombies (Ossuary)
  A hound zombie (D:9)
  A hound skeleton (D:5)
  5 mummies (Ossuary)
  18 gnolls
  13 adders
  A river rat (D:9)
  3 shadow imps
  An adder zombie (D:6)
  2 worms
  11 leopard geckos
  70 orcs
  2 ball pythons
  16 giant cockroaches
  8 goblins
  8 hobgoblins
  7 jackals
  4 quokkas
  9 bats
  6 frilled lizards
  11 kobolds
  A leopard gecko skeleton (D:4)
  2 quokka skeletons (D:7)
  A quokka zombie (D:5)
  7 rats
403 creatures vanquished.

Vanquished Creatures (collateral kills)
  A bullfrog zombie (D:6)
1 creature vanquished.

Grand Total: 404 creatures vanquished

Notes
Turn   | Place    | Note
-------+----------+-------------------------------------------
     0 | D:1      | Laphicet the Octopode Transmuter began the quest for the Orb.
     0 | D:1      | Reached XP level 1. HP: 13/13 MP: 3/3
   336 | D:1      | Reached XP level 2. HP: 18/18 MP: 5/5
   801 | D:2      | Reached XP level 3. HP: 19/23 MP: 6/6
   872 | D:1      | Learned a level 2 spell: Sticks to Snakes
   959 | D:2      | Reached skill level 1 in Stealth
  1593 | D:2      | Found a shattered altar of Ashenzari.
  1731 | D:3      | Reached skill level 1 in Short Blades
  1879 | D:3      | Reached XP level 4. HP: 25/28 MP: 7/7
  2064 | D:3      | Reached skill level 2 in Stealth
  2325 | D:3      | Reached skill level 3 in Stealth
  2325 | D:3      | Reached XP level 5. HP: 34/34 MP: 8/8
  2859 | D:4      | Noticed an ogre
  2868 | D:4      | Killed an ogre
  2868 | D:4      | Reached XP level 6. HP: 39/39 MP: 10/10
  3774 | D:4      | Reached XP level 7. HP: 45/45 MP: 11/11
  3924 | D:4      | Found Hajifurr's Weapon Shop.
  4260 | D:4      | Reached skill level 4 in Stealth
  4584 | D:5      | Entered Level 5 of the Dungeon
  4856 | D:5      | Found a sand-covered staircase.
  4878 | Ossuary  | Entered an ossuary
  5203 | Ossuary  | Reached XP level 8. HP: 39/52 MP: 13/13
  5474 | Ossuary  | Learned a level 1 spell: Magic Dart
  5874 | D:5      | Gained mutation: You are partially covered in iridescent scales. (AC +2) [mutagenic meat]
  5875 | D:5      | Gained mutation: You are surrounded by a mild repulsion field. (EV +2) [mutagenic meat]
  5876 | D:5      | Gained mutation: You are weak. (Str -2) [mutagenic meat]
  5877 | D:5      | Gained mutation: Your magical capacity is low. (-10% MP) [mutagenic meat]
  5878 | D:5      | Lost mutation: You are weak. (Str -2) [potion of mutation]
  5878 | D:5      | Lost mutation: Your magical capacity is low. (-10% MP) [potion of mutation]
  5878 | D:5      | Gained mutation: You are mostly covered in iridescent scales. (AC +4) [potion of mutation]
  5878 | D:5      | Gained mutation: Your flesh is heat resistant. (rF+) [potion of mutation]
  5879 | D:5      | Lost mutation: You are mostly covered in iridescent scales. (AC +4) [potion of mutation]
  5879 | D:5      | Gained mutation: Your body sometimes deteriorates upon taking damage. [potion of mutation]
  5879 | D:5      | Gained mutation: You are partially covered in molten scales. (AC +2) [potion of mutation]
  5880 | D:5      | Lost mutation: Your body sometimes deteriorates upon taking damage. [potion of mutation]
  5880 | D:5      | Lost mutation: Your flesh is heat resistant. (rF+) [potion of mutation]
  5880 | D:5      | Lost mutation: You are partially covered in iridescent scales. (AC +2) [potion of mutation]
  5880 | D:5      | Gained mutation: Your system is resistant to poisons. (rPois) [potion of mutation]
  5880 | D:5      | Gained mutation: You are resistant to hostile enchantments. (MR+) [potion of mutation]
  5971 | D:5      | Gained mutation: One of your tentacles bears a spike. [mutagenic meat]
  5972 | D:5      | Lost mutation: One of your tentacles bears a spike. [mutagenic meat]
  5973 | D:5      | Lost mutation: You are resistant to hostile enchantments. (MR+) [mutagenic meat]
  5974 | D:5      | Gained mutation: You are somewhat resistant to further mutation. [mutagenic meat]
  5976 | D:5      | Lost mutation: You are somewhat resistant to further mutation. [mutagenic meat]
  6113 | D:5      | Found a bloodstained altar of Trog.
  6370 | D:5      | Reached skill level 5 in Stealth
  6478 | D:6      | Found Maseifroro's Magic Scroll Boutique.
  6955 | D:6      | Reached skill level 5 in Unarmed Combat
  6955 | D:6      | Reached XP level 9. HP: 58/58 MP: 15/15
  7041 | D:6      | Reached skill level 6 in Stealth
  7275 | D:6      | Reached skill level 5 in Dodging
  7455 | D:6      | Bought a scroll of magic mapping for 42 gold pieces
  7708 | D:6      | Reached skill level 5 in Transmutations
  8063 | D:7      | Noticed a two-headed ogre
  9487 | D:7      | Noticed Joseph
  9732 | D:6      | Learned a level 3 spell: Spider Form
  9761 | D:6      | HP: 1/59 [orc wizard/magic dart (7)]
 10174 | D:7      | Found a staircase to the Ecumenical Temple.
 10230 | D:7      | Reached skill level 7 in Stealth
 10533 | D:7      | Noticed Pikel
 10539 | D:7      | Killed Pikel
 10539 | D:7      | Reached skill level 5 in Fighting
 10539 | D:7      | Reached skill level 5 in Short Blades
 10539 | D:7      | Reached skill level 5 in Spellcasting
 10539 | D:7      | Reached XP level 10. HP: 66/66 MP: 17/17
 11016 | D:7      | Killed Joseph
 11303 | D:7      | Found a hide-covered altar of Uskayaw.
 11381 | Temple   | Entered the Ecumenical Temple
 11567 | Temple   | Became a worshipper of Gozag Ym Sagoz the Greedy
 11706 | D:8      | Found Yngey's Antique Armour Shop.
 11713 | D:8      | Found Noet's Armour Shoppe.
 11935 | D:8      | Found Kezupn's Armour Shop.
 11945 | D:8      | Reached skill level 8 in Stealth
 12017 | D:8      | Found Sumnilomn's General Store.
 12025 | D:8      | Bought a +1 ring of protection for 30 gold pieces
 12025 | D:8      | Bought a +0 hat for 40 gold pieces
 12025 | D:8      | Bought a meat ration for 50 gold pieces
 12025 | D:8      | Bought a royal jelly for 20 gold pieces
 12025 | D:8      | Bought a bread ration for 50 gold pieces
 12025 | D:8      | Bought a scroll of fear for 35 gold pieces
 12025 | D:8      | Bought a meat ration for 50 gold pieces
 12025 | D:8      | Bought a potion of resistance for 100 gold pieces
 12050 | D:8      | Found Alodwuez's Food Shop.
 12116 | D:8      | Found a staircase to the Lair.
 12118 | D:8      | Noticed a death yak
 12118 | D:8      | Noticed a death yak
 12552 | D:8      | Noticed a death yak
 13204 | D:9      | Found a staircase to the Orcish Mines.
 14440 | D:9      | Found a deep blue altar of Sif Muna.
 14441 | D:9      | Found a shimmering altar of Xom.
 14674 | Orc:1    | Entered Level 1 of the Orcish Mines
 14678 | Orc:1    | Reached XP level 11. HP: 52/72 MP: 19/19
 14809 | Orc:1    | Found a bloodstained altar of Trog.
 14829 | D:9      | Reached skill level 9 in Stealth
 15232 | Orc:1    | Found Naece's Distillery.
 15244 | Orc:1    | Bought a potion of invisibility for 120 gold pieces
 15244 | Orc:1    | Bought a potion of agility for 60 gold pieces
 15244 | Orc:1    | Bought a potion of agility for 60 gold pieces
 15244 | Orc:1    | Bought a potion of invisibility for 120 gold pieces
 15244 | Orc:1    | Bought a potion of agility for 60 gold pieces
 15244 | Orc:1    | Bought a potion of heal wounds for 75 gold pieces
 15547 | Orc:1    | Noticed an orc knight
 15549 | Orc:1    | Noticed an orc sorcerer
 15601 | Orc:1    | an orc sorcerer changed into a merfolk
 15605 | Orc:1    | Noticed a cyclops
 15605 | Orc:1    | a merfolk changed into a cyclops
 15606 | Orc:1    | a cyclops changed into a merfolk
 15891 | Orc:1    | Killed an orc knight
 16054 | Orc:2    | Entered Level 2 of the Orcish Mines
 16054 | Orc:2    | Found Sutusyli's Food Boutique.
 16054 | Orc:2    | Noticed a stone giant
 16054 | Orc:2    | Noticed an orc sorcerer
 16106 | Orc:2    | Found a staircase to the Elven Halls.
 16106 | Orc:2    | Noticed a cyclops
 16108 | Orc:2    | Noticed a deep troll
 16108 | Orc:2    | a cyclops changed into a deep troll
 16109 | Orc:2    | Noticed an orc high priest
 16109 | Orc:2    | Noticed a cyclops
 16109 | Orc:2    | a deep troll changed into a cyclops
 16112 | Orc:2    | a cyclops changed into an eye of devastation
 16113 | Orc:2    | Noticed an orc knight
 16295 | D:10     | Entered Level 10 of the Dungeon
 16393 | D:10     | Noticed a two-headed ogre
 16397 | D:10     | Killed a two-headed ogre
 16587 | D:10     | Noticed a two-headed ogre
 16599 | D:10     | Killed a two-headed ogre
 16599 | D:10     | Reached skill level 10 in Stealth
 17489 | D:11     | Noticed a red ugly thing
 17499 | D:11     | Killed a red ugly thing
 17545 | D:11     | Found a stormy altar of Qazlal.
 17582 | D:11     | You fall through a shaft for 2 floors!
 17878 | D:13     | Found a basalt altar of Yredelemnul.
 17969 | D:13     | Bought a lightning rod (4/4) for 560 gold pieces
 18067 | D:13     | Noticed a green ugly thing
 18086 | D:13     | Killed a green ugly thing
 18167 | D:13     | Noticed a two-headed ogre
 18407 | D:12     | Reached XP level 12. HP: 81/81 MP: 21/21
 19593 | D:11     | Noticed Psyche
 19855 | D:11     | Learned a level 5 spell: Blade Hands
 19861 | D:11     | Killed Psyche
 20114 | D:11     | Noticed a five-headed hydra
 20124 | D:11     | Killed a five-headed hydra
 20351 | D:11     | Slain by a komodo dragon

Vault maps used:
D:1:      mushboom_english_gardens, minmay_surrounded
D:2:      lemuel_coloured_pillars_altar, first_bread
D:3:      minmay_roachtagon
D:4:      serial_shops, kennysheep_mini
D:5:      enter_ossuary_1, trog_book
D:6:      serial_shops, nicolae_shop_waterfront
D:7:      kennysheep_little_box, minmay_temple_entry_mist, uniq_pikel,
          uniq_joseph
D:8:      dpeg_lair_monsters, serial_shops, nicolae_shop_statue_plus,
          shop_statue, shop_fountains, nicolae_shop_statue_plus, shop,
          the_bakery, st_stairs_8
D:9:      gammafunk_temple_overflow_wave, orc_0_dummy
D:11:     basic_altar, nicolae_water_bricks, uniq_psyche
D:12:     billiards_dpeg
D:13:     david_vaults_1, hangedman_feature_mirror
Temple:   eino_narrow_crystal_temple
Orc:1:    serial_shops, shop, trog_butcher_becter
Orc:2:    st_orc_open, serial_shops, shop, shop
Ossuary:  ossuary_the_hunt_dpeg

Skill      XL: |  1  2  3  4  5  6  7  8  9 10 11 12 |
---------------+-------------------------------------+-----
Stealth        | 1 3 4 5 7 8 10 | 10.8
Short Blades   | 1 2 3 4 5 6 7 |  7.2
Fighting       | 2 3 4 5 6 7 |  7.8
Spellcasting   | 3 4 5 6 7 |  7.0
Transmutations | 3 4 5 6 7 8 |  8.1
Dodging        | 3 4 5 6 7 8 |  8.0
Unarmed Combat | 4 5 6 7 8 |  8.1

Action                   |  1- 3 |  4- 6 |  7- 9 | 10-12 || total
-------------------------+-------+-------+-------+-------++-------
Melee: Dagger            |    81 |   102 |   414 |    89 ||   686
       Constrict         |    23 |    28 |    65 |    99 ||   215
       Tentacles         |    20 |    16 |    93 |   121 ||   250
       Unarmed           |     3 |       |     3 |     3 ||     9
       Kick              |       |    13 |    24 |     9 ||    46
       Punch             |       |     3 |    12 |    24 ||    39
       Rapier            |       |       |    10 |   502 ||   512
 Cast: Beastly Appendage |       |     7 |     8 |     3 ||    18
       Magic Dart        |       |       |     2 |     1 ||     3
       Sticks to Snakes  |       |       |    22 |    21 ||    43
       Spider Form       |       |       |     1 |       ||     1
       Blade Hands       |       |       |       |     1 ||     1
Invok: Call Merchant     |       |       |       |     1 ||     1
Evoke: Wand              |       |       |       |    18 ||    18
       Lightning rod     |       |       |       |     3 ||     3
  Use: Scroll            |       |       |    26 |     9 ||    35
       Potion            |       |       |    15 |    13 ||    28
 Stab: Sleeping          |    11 |    15 |    25 |    45 ||    96
       Distracted        |       |     1 |     1 |     7 ||     9
       Invisible         |       |       |     4 |     7 ||    11
  Eat: Chunk             |     3 |     6 |    24 |     2 ||    35
       Royal jelly       |       |       |     3 |     3 ||     6
       Meat ration       |       |       |     1 |     3 ||     4
       Fruit             |       |       |       |     3 ||     3
       Bread ration      |       |       |       |     2 ||     2
Armor: Skin              |     6 |     6 |    36 |   116 ||   164
Dodge: Dodged            |    55 |    47 |   239 |   409 ||   750
